 Dungeon Crawl Stone Soup version 0.30-a0-883-g5ad918d77d (webtiles) character file.

Game seed: 15039860775523108001

337 Demosthentine the Poker (level 6, -3/48 HPs)
             Began as a Demonspawn Gladiator on Mar 15, 2023.
             Slain by Grinder (4 damage)
             ... on level 3 of the Dungeon.
             The game lasted 00:02:43 (2694 turns).

Demosthentine the Poker (Demonspawn Gladiator)      Turns: 2694, Time: 00:02:44

Health: -3/48      AC:  5    Str: 17    XL:     6   Next: 28%
Magic:  6/6        EV: 13    Int: 13    God:
Gold:   154        SH:  0    Dex: 14    Spells: 5/5 levels left

rFire   . . .      SeeInvis .    a - +1 trident
rCold   . . .      Faith    .    (no shield)
rNeg    . . .      Spirit   .    b - +1 leather armour
rPois   .          Reflect  .    (helmet restricted)
rElec   .          Rampage  .    g - +0 cloak
rCorr   +                        (no gloves)
Will    .....                    (no boots)
Stlth   +                        (no amulet)
HPRegen 0.28/turn                c - ring of resist corrosion
MPRegen 0.10/turn                (no ring)

@: on berserk cooldown, slowed, very slow
A: antennae 2, big brain 2
a: no special abilities


You were on level 3 of the Dungeon.
You visited 1 branch of the dungeon, and saw 3 of its levels.

You collected 180 gold pieces.
You spent 26 gold pieces at shops.

Inventory:

Hand Weapons
 a - a +1 trident (weapon)
Missiles
 d - 2 throwing nets (quivered)
 e - 3 javelins
Armour
 b - a +1 leather armour (worn)
 g - a +0 cloak (worn)
Jewellery
 c - a ring of resist corrosion (left hand)
Scrolls
 i - a scroll of enchant armour
 q - a scroll of identify
Potions
 h - a potion of haste
 l - a potion of brilliance {unknown}
 m - 2 potions of might {unknown}
 n - a potion of flight {unknown}
 o - a potion of invisibility {unknown}


   Skills:
 + Level 3.7 Fighting
 + Level 4.0 Polearms
 - Level 1.7 Throwing
 + Level 2.6 Armour
 + Level 4.0 Dodging


You had 5 spell levels left.
You didn't know any spells.
Your spell library was empty.

Dungeon Overview and Level Annotations

Branches:
Dungeon (3/15)

Altars:
Makhleb

Shops:
D:1 *

Annotations:
D:3 1 runed translucent door, Crazy Yiuf, Grinder


Innate Abilities, Weirdness & Mutations

You have a pair of antennae on your head.
You have an extremely huge brain. (Int +4)


Message History

Grinder blinks!
You feel a strong urge to attack something.
You are no longer berserk.
You are exhausted.
You feel yourself slow down. Grinder barely misses you.
You hit Grinder but do no damage. Grinder hits you!
You writhe in agony.
You closely miss Grinder. Grinder hits you.
You writhe in agony.
Grinder blinks!
You are too injured to fight recklessly!
You are too injured to fight recklessly!
Unknown command.
Okay, then.
As you read the scroll labelled JIDEERGHITUTZ, it crumbles to dust.
The scroll dissolves into smoke.
It was a scroll of fog.
Grinder hits you.
You writhe in agony.
As you read the scroll labelled KEFFISTR ECODU, it crumbles to dust.
It is a scroll of enchant weapon.
Your +0 trident glows red for a moment.
Grinder closely misses you.
As you read the scroll labelled UPPAZX SIQYRO, it crumbles to dust.
You hear the flapping of tiny wings.
Grinder is knocked back by the sudden gust.
It was a scroll of butterflies.
Grinder gestures at you.
Your butterfly suddenly stops moving!
Okay, then.
Unknown command.
Your butterfly cannot move out of your way!
Your butterfly cannot move out of your way!
Your butterfly cannot move out of your way!
Unknown command.
Unknown command.
You swap places.
Grinder hits you.
* * * LOW HITPOINT WARNING * * *
You writhe in agony.
* * * LOW HITPOINT WARNING * * *
Grinder hits you!
* * * LOW HITPOINT WARNING * * *
You writhe in agony.
You die...

#.#.....#.#.#.......#.....♣.
#.#..######.#.......#.###.♣.
##'#.........#.......#.# #.♣.
#............#.......#.# #...
#...##'#.{{{{{.......#.# #...
#........{§b§bbb.....#.###.#.
#........{§§bbb#####.#.##..#.
####...bb§bbbbb# #.#.##..#.
#...bbbb§@bb#####.#.##..#.
+...bb.b.b5bb)....#..'....
#.....###§############....
#.....# #.# ##._. #.....# #.#
#... #.....# #. #... #.....#
#. #.#. #. #.#. #.#.


You could see Grinder (ally target).

Vanquished Creatures
  Sigmund (D:3)
  3 iron imps (D:3)
  Ijyb (D:3)
  3 adders
  2 bats
  3 endoplasms
  3 giant cockroaches
  7 goblins
  4 hobgoblins
  2 quokkas
  2 frilled lizards (D:1)
  2 rats (D:1)
33 creatures vanquished.

Notes
Turn   | Place    | Note
-------+----------+-------------------------------------------
     0 | D:1      | Demosthentine the Demonspawn Gladiator began the quest for
                  | the Orb.
     0 | D:1      | Reached XP level 1. HP: 16/16 MP: 1/1
   444 | D:1      | Gained mutation: You have a pair of small antennae on your
                  | head. [demonic ancestry]
   444 | D:1      | Reached XP level 2. HP: 22/22 MP: 2/2
   557 | D:1      | Found Zaekud's General Store.
   561 | D:1      | Bought a scroll of identify for 26 gold pieces
   938 | D:2      | Identified the +1 plate armour of Ilukk {rElec rF+ rC+
                  | Will+}
  1076 | D:2      | Reached skill level 1 in Armour
  1076 | D:2      | Reached XP level 3. HP: 26/28 MP: 3/3
  1913 | D:3      | Noticed Grinder
  1917 | D:3      | Noticed Ijyb
  2079 | D:3      | Noticed Sigmund
  2100 | D:3      | Killed Sigmund
  2101 | D:3      | Gained mutation: You have a pair of antennae on your head.
                  | [demonic ancestry]
  2101 | D:3      | Reached XP level 4. HP: 24/35 MP: 4/4
  2101 | D:3      | Gained mutation: You have an unusually large brain. (Int
                  | +2) [demonic ancestry]
  2101 | D:3      | Reached XP level 5. HP: 28/41 MP: 5/5
  2168 | D:3      | Found a faded altar of an unknown god.
  2361 | D:3      | Found a burning altar of Makhleb.
  2403 | D:3      | Gained mutation: You have an extremely huge brain. (Int +4)
                  | [demonic ancestry]
  2403 | D:3      | Reached XP level 6. HP: 33/47 MP: 6/6
  2561 | D:3      | Found a runed translucent door.
  2562 | D:3      | Noticed Crazy Yiuf
  2682 | D:3      | Killed Ijyb
  2694 | D:3      | HP: 1/48 [Grinder (7)]
  2694 | D:3      | Slain by Grinder

Illustrated notes

Levels and vault maps discovered:
D:1:      nagdon_arrival_zigzag_paths, layout_basic, serial_shops, shop,
          st_stairs_12, wander_ebering_terrifying_dragon_lair
D:2:      layout_loops_ring, kennysheep_small_spiral, minmay_goblin_kobold_house
D:3:      layout_basic, mainiacjoe_overflow_boulevard, demons_altar,
          chequers_ecumenical_altar_simple, minmay_distorted, uniq_ijyb,
          uniq_sigmund, uniq_grinder, uniq_crazy_yiuf_cottage

Skill      XL: |  1  2  3  4  5  6 |
---------------+-------------------+-----
Polearms       | 3 4 |  4.0
Armour         | 1 2 |  2.6
Dodging        | 3 4 |  4.0
Fighting       | 3 |  3.7
Throwing       | |  1.7

Action                     |  1- 3 |  4- 6 || total
---------------------------+-------+-------++-------
  Melee: Trident           |   108 |    44 ||   152
         Punch             |     1 |     1 ||     2
  Throw: Throwing net      |     1 |       ||     1
    Use: Scroll            |     7 |     3 ||    10
         Potion            |       |     2 ||     2
   Stab: Held in net/web   |     1 |       ||     1
 Armour: Leather armour    |    22 |     7 ||    29
  Dodge: Dodged            |    66 |    11 ||    77

Table legend: (Time is in decaauts)
 A = Elapsed time spent in this place.
 B = Non-inter-level travel time spent in this place.
 C = Inter-level travel time spent in this place.
 D = Time resting spent in this place.
 E = Time spent auto-exploring this place.
 F = Levels seen in this place.
 G = Mean time per level.
                   A        B        C        D        E       F      G
               +--------+--------+--------+--------+--------+-----+--------+
         Total |   2714 |   2651 |     63 |     47 |   2189 |   3 |  904.7 |
       Dungeon |   2714 |   2651 |     63 |     47 |   2189 |   3 |  904.7 |
               +--------+--------+--------+--------+--------+-----+--------+

Top non-repeatable levels by time:
     D:2: 986 daAuts
     D:1: 865 daAuts
     D:3: 862 daAuts
